 Seeded DCSS version 0.27-a0-1181-g5f64966fcc (webtiles) character file.

Game seed: 158850323977186402 (custom seed)

404 streetpizza the Ducker (level 7, -2/51 HPs)
             Began as a Djinni Gladiator on May 17, 2021.
             Slain by Crazy Yiuf
             ... wielding a +3 quarterstaff of chaos
              (13 damage)
             ... on level 4 of the Dungeon.
             The game lasted 00:14:20 (4958 turns).

streetpizza the Ducker (Djinni Gladiator)           Turns: 4958, Time: 00:14:21

Health: -2/51      AC:  4    Str: 13    XL:     7   Next: 12%
Gold:   1432       EV: 18    Int: 11    God:
                   SH:  0    Dex: 15

rFire    + + .     SeeInvis .   a - +0 long sword (vamp)
rCold    x . .     Faith    .   (no shield)
rNeg     . . .     Spirit   .   b - +0 leather armour
rPois    ∞         Reflect  .   c - +0 helmet
rElec    .         Harm     .   (no cloak)
rCorr    .         Rampage  .   (no gloves)
Will     .....                  (boots unavailable)
Stlth    +.........             (no amulet)
HPRegen  0.17/turn              (no ring)
MPRegen  0.00/turn              (no ring)

@: agile, flying, very slightly contaminated
A: sickness immunity, fire resistance 2, cold vulnerability 1, float, innate
caster, hp casting, extra vitality 1
a: no special abilities


You were on level 4 of the Dungeon.
You visited 1 branch of the dungeon, and saw 4 of its levels.
You also visited: Ossuary.

You collected 1432 gold pieces.

Inventory:

Hand Weapons
 a - a +0 vampiric long sword (weapon)
Missiles
 d - 3 throwing nets
 f - 24 poisoned darts (quivered)
Armour
 b - a +0 leather armour (worn)
 c - a +0 helmet (worn)
Jewellery
 p - an amulet of faith
Scrolls
 j - a scroll of enchant weapon {unknown}
 l - a scroll of identify
 m - a scroll of summoning {unknown}
 n - a scroll of silence {unknown}
 o - 2 scrolls of fear
 r - a scroll of holy word {unknown}
 s - a scroll of immolation {unknown}
Potions
 e - a potion of ambrosia {unknown}
 g - a potion of might {unknown}
 h - a potion of heal wounds
 i - a potion of attraction {unknown}
 k - 6 potions of lignification
 q - 2 potions of berserk rage {unknown}
 t - 8 potions of curing


   Skills:
 + Level 3.9 Fighting
 + Level 4.1 Long Blades
 - Level 1.5 Throwing
 + Level 4.9 Dodging
 + Level 2.2 Spellcasting


You had 5 spell levels left.
You knew the following spells:

 Your Spells              Type           Power      Damage    Failure   Level
a - Corona                Hex            6%         N/A       14%         1
b - Poisonous Vapours     Pois/Air       12%        N/A       22%         2
c - Ensorcelled Hibernat  Hex/Ice        12%        N/A       22%         2
Your spell library was empty.

Dungeon Overview and Level Annotations

Branches:
Dungeon (4/15)            Ossuary (visited)
 Temple: D:4-7

Altars:
Fedhas

Annotations:
D:4 Crazy Yiuf


Innate Abilities, Weirdness & Mutations

You are immune to sickness and miasma.
You are immune to poison.
Your flesh is very heat resistant. (rF++)
You are vulnerable to cold. (rC-)
You float through the air rather than walking.
You learn spells naturally, not from books.
Your magical power is your life essence.
You have superior vitality. (+4 HP)


Message History

Crazy Yiuf closely misses you.
You riposte.
You barely miss Crazy Yiuf.
Crazy Yiuf is heavily wounded.
Crazy Yiuf hits you with a +3 quarterstaff of chaos.
You are confused.
You bump into the tree.
Crazy Yiuf completely misses you.
You bump into the tree.
Crazy Yiuf hits you with a +3 quarterstaff of chaos.
You bump into the tree.
Crazy Yiuf completely misses you.
You hit Crazy Yiuf but do no damage.
Crazy Yiuf is heavily wounded.
Crazy Yiuf closely misses you.
You bump into the stone wall.
Crazy Yiuf misses you.
You miss Crazy Yiuf.
Crazy Yiuf is heavily wounded.
You feel less confused. Crazy Yiuf completely misses you.
You riposte.
You closely miss Crazy Yiuf.
Crazy Yiuf is heavily wounded.
You barely miss Crazy Yiuf.
Crazy Yiuf is heavily wounded.
Crazy Yiuf misses you.
You riposte.
You hit Crazy Yiuf but do no damage.
Crazy Yiuf is heavily wounded.
You barely miss Crazy Yiuf.
Crazy Yiuf is heavily wounded.
Crazy Yiuf cries, "Walk noodlescoop snail!"
Crazy Yiuf completely misses you.
You barely miss Crazy Yiuf.
Crazy Yiuf is heavily wounded.
Crazy Yiuf hits you with a +3 quarterstaff of chaos.
Crazy Yiuf freezes you.
Crazy Yiuf hits you with a +3 quarterstaff of chaos!
You are electrocuted!
* * * LOW HITPOINT WARNING * * *
Okay, then.
You hit Crazy Yiuf.
You feel better.
Crazy Yiuf is severely wounded.
Crazy Yiuf closely misses you.
You closely miss Crazy Yiuf.
Crazy Yiuf is severely wounded.
Crazy Yiuf hits you with a +3 quarterstaff of chaos!
You die...

......###..###....####
..#....##### #....#
..#.....## ♣....♣
....##...## ♣...♣♣
.#)........# ♣♣.♣♣
###<.....### ♣.♣♣
.........# ♣♣.♣
........... ♣.♣♣
##......... ♣♣@♣
#.........# #g#
#....#....# ...
....###... #...# ....#
... #..)# #####


You could see Crazy Yiuf.

Vanquished Creatures
  2 hounds (D:4)
  Jessica (D:2)
  2 iguanas
  Natasha (thrice) (D:3)
  4 mummies
  6 adders
  An ufetubus (D:4)
  2 worms
  4 dart slugs
  6 ball pythons
  3 bats (D:3)
  6 endoplasms
  A giant cockroach (D:4)
  10 goblins
  7 hobgoblins
  3 jackals (D:1)
  3 quokkas
  A frilled lizard (D:1)
  2 goblin zombies
  3 hobgoblin zombies (Ossuary)
  3 kobolds
  2 kobold zombies (Ossuary)
  3 orc zombies
  4 rats
82 creatures vanquished.

Vanquished Creatures (others)
  A fungus (D:4)
  6 plants
7 creatures vanquished.

Grand Total: 89 creatures vanquished

Notes
Turn   | Place    | Note
-------+----------+-------------------------------------------
     0 | D:1      | streetpizza the Djinni Gladiator began the quest for the
                  | Orb.
     0 | D:1      | Reached XP level 1. HP: 18/18 MP: 0/0
   544 | D:1      | Reached XP level 2. HP: 23/23 MP: 0/0
   845 | D:1      | Found a faded altar of an unknown god.
   916 | D:1      | Reached XP level 3. HP: 29/29 MP: 0/0
   916 | D:1      | Learned a level 1 spell: Corona
  1277 | D:1      | Identified a scroll of acquirement
  1277 | D:1      | Acquired 1292 gold pieces
  1375 | D:2      | Noticed Jessica
  1380 | D:2      | Killed Jessica
  1381 | D:2      | Reached skill level 1 in Spellcasting
  1381 | D:2      | Reached XP level 4. HP: 34/34 MP: 0/0
  2388 | D:3      | Noticed Natasha
  2398 | D:3      | Killed Natasha
  2399 | D:3      | Reached XP level 5. HP: 21/40 MP: 0/0
  2399 | D:3      | Learned a level 2 spell: Poisonous Vapours
  2907 | D:3      | Noticed Natasha
  2921 | D:3      | Killed Natasha
  3127 | D:3      | Reached XP level 6. HP: 43/46 MP: 0/0
  3394 | D:3      | Noticed Natasha
  3413 | D:3      | Killed Natasha
  3600 | D:4      | Found a sand-covered staircase.
  3611 | Ossuary  | Entered an ossuary
  4544 | D:4      | Reached XP level 7. HP: 49/51 MP: 0/0
  4544 | D:4      | Learned a level 2 spell: Ensorcelled Hibernation
  4827 | D:4      | Found a blossoming altar of Fedhas.
  4936 | D:4      | Found a runed translucent door.
  4937 | D:4      | Noticed Crazy Yiuf
  4958 | D:4      | Slain by Crazy Yiuf

Illustrated notes

Levels and vault maps discovered:
D:1:      elethiomel_arrival_maze, layout_rooms,
          hellmonk_ecumenical_altar_dog_temple
D:2:      layout_loops_ring, serial_forest, infiniplex_forest_end_2,
          infiniplex_forest_clump_double, infiniplex_forest_end_2,
          infiniplex_forest_straight_1, infiniplex_forest_lined_room_2,
          infiniplex_forest_straight_3, infiniplex_forest_lined_room_3,
          infiniplex_forest_3_way, infiniplex_forest_end_3,
          infiniplex_forest_straight_2, uniq_jessica
D:3:      layout_basic, uniq_natasha
D:4:      layout_cave_pools, fedhas_altar_3, nicolae_ossuary_entry_giza,
          kennysheep_generic_room_13, uniq_crazy_yiuf_cottage

Skill      XL: |  1  2  3  4  5  6 |
---------------+-------------------+-----
Long Blades    | 3 4 |  4.1
Spellcasting   | 1 2 |  2.2
Dodging        | 4 |  4.9
Fighting       | 3 |  3.9
Throwing       | |  1.5

Action                   |  1- 3 |  4- 6 |  7- 9 || total
-------------------------+-------+-------+-------++-------
Melee: Long sword        |    67 |   217 |    45 ||   329
 Cast: Corona            |       |     3 |     1 ||     4
  Use: Scroll            |     3 |     5 |       ||     8
       Potion            |       |     3 |       ||     3
 Stab: Sleeping          |     1 |     2 |     1 ||     4
Armor: Leather armour    |    19 |    44 |     6 ||    69
Dodge: Dodged            |    40 |   158 |    45 ||   243
       Rpst.: Long sword |    14 |    46 |    12 ||    72

Table legend: (Time is in decaauts)
 A = Elapsed time spent in this place.
 B = Non-inter-level travel time spent in this place.
 C = Inter-level travel time spent in this place.
 D = Time resting spent in this place.
 E = Time spent auto-exploring this place.
 F = Levels seen in this place.
 G = Mean time per level.
                   A        B        C        D        E       F      G
               +--------+--------+--------+--------+--------+-----+--------+
         Total |   5036 |   4727 |    309 |    110 |   3683 |   5 | 1007.2 |
       Dungeon |   4321 |   4012 |    309 |    108 |   3152 |   4 | 1080.2 |
       Ossuary |    714 |    714 |      0 |      2 |    531 |   1 |  714.0 |
               +--------+--------+--------+--------+--------+-----+--------+

Top non-repeatable levels by time:
     D:3: 1366 daAuts
     D:1: 1295 daAuts
     D:2: 950 daAuts
 Ossuary: 714 daAuts
     D:4: 710 daAuts
